 Dungeon Crawl Stone Soup version 0.20-a0-336-g7b05759 (webtiles) character file.

102 Lorak the Skirmisher (level 4, 0/35 HPs)
             Began as a Demonspawn Abyssal Knight on Dec 22, 2016.
             Was a Believer of Lugonu.
             Slain by a quokka (4 damage)
             ... on level 2 of the Dungeon.
             The game lasted 00:12:07 (2121 turns).

Lorak the Skirmisher (Demonspawn Abyssal Knight)    Turns: 2121, Time: 00:12:16

Health: 0/35       AC:  3    Str: 12    XL:     4   Next: 49%
Magic:  6/6        EV: 13    Int: 14    God:    Lugonu [**....]
Gold:   72         SH:  0    Dex: 13    Spells: 3/3 levels left

rFire  . . .     SeeInvis .     f - +2 dagger (elec)
rCold  + . .     Gourm    .     b - +0 leather armour
rNeg   . . .     Faith    .     (no shield)
rPois  .         Spirit   .     (no helmet)
rElec  .         Reflect  .     (no cloak)
rCorr  .         Harm     .     (no gloves)
MR     .....                    (no boots)
Stlth  +.........               (no amulet)
                                (no ring)
                                (no ring)

@: no status effects
A: claws 1, repulsion field 1, cold resistance 1
a: Depart the Abyss, Bend Space, Renounce Religion


You were on level 2 of the Dungeon.
You worshipped Lugonu.
Lugonu was pleased with you.
You were not hungry.

You visited 1 branch of the dungeon, and saw 2 of its levels.
You visited the Abyss 1 time.

You collected 72 gold pieces.

Inventory:

Hand Weapons
 a - a +1 mace
 f - a +2 dagger of electrocution (weapon)
 p - a cursed -1 short sword
Armour
 b - a +0 leather armour (worn)
Scrolls
 d - a scroll of teleportation {unknown}
 e - 2 scrolls of remove curse {unknown}
 g - a scroll of blinking {unknown}
 i - 2 scrolls of identify
 k - 2 scrolls of enchant weapon {unknown}
 l - a scroll of immolation {unknown}
 o - a scroll of fear {unknown}
Potions
 j - a potion of might
 n - a potion of brilliance {unknown}
Comestibles
 c - 4 bread rations
 h - 4 meat rations


   Skills:
 - Level 3.4 Fighting
 - Level 0.8 Short Blades
 * Level 3.0 Maces & Flails
 - Level 2.1 Armour
 - Level 1.4 Dodging
 + Level 3.2 Invocations


You had 3 spell levels left.
You didn't know any spells.

Dungeon Overview and Level Annotations

Branches:
Dungeon (2/15)

Altars:
Ashenzari
Okawaru

Annotations:
D:2 Natasha


Innate Abilities, Weirdness & Mutations

You have sharp fingernails.
You are surrounded by a mild repulsion field. (EV +2)
Your flesh is cold resistant. (rC+)


Message History

Natasha is heavily wounded.
Natasha misses you. The crimson imp hits you.
* * * LOW HITPOINT WARNING * * *
You hit Natasha.
Natasha is almost dead.
Natasha closely misses you. The crimson imp barely misses you.
You barely miss Natasha.
Natasha is almost dead.
Natasha is no longer unusually resistant.
Natasha claws you.
* * * LOW HITPOINT WARNING * * *
The crimson imp hits you but does no damage.
The quokka closely misses you.
You closely miss Natasha.
Natasha is almost dead.
Natasha claws you.
* * * LOW HITPOINT WARNING * * *
The crimson imp hits you but does no damage.
The quokka bites you.
You die...

..............###########..._..#
#.................#### ##..8..#
#......####..........#####.._..#
...............................#
#)....####...........#.........##
#......####..........#.#######..#
#..............######..# ##..
###........#.#.#####..## ##.
.######......#.r@5...## ##.. .#
#....#..#.h###### #####..# .###
#.##.#....## ##.......
...###.##.#....##### ####...)..##
##.....##...#......###...........
#....####..##..........##.#......
#............................[...
#.....................#####......
#.......................###......


You could see Natasha, a crimson imp and a quokka.

Vanquished Creatures
  Natasha (twice) (D:2)
  2 oozes (D:1)
  A worm (D:2)
  A leopard gecko (D:1)
  4 bats
  A giant cockroach (D:1)
  4 goblins
  5 hobgoblins
  5 jackals (D:1)
  A ball python (D:1)
  3 frilled lizards (D:1)
  6 kobolds
  4 rats
39 creatures vanquished.

Notes
Turn   | Place    | Note
-------+----------+-------------------------------------------
     0 | Abyss:1  | Lorak the Demonspawn Abyssal Knight began the quest for the Orb.
     0 | Abyss:1  | Reached XP level 1. HP: 18/18 MP: 2/2
    18 | D:1      | Escaped the Abyss
   411 | D:1      | Gained mutation: You have sharp fingernails. [demonic ancestry]
   411 | D:1      | Reached XP level 2. HP: 23/24 MP: 3/3
   414 | D:1      | Reached skill level 1 in Dodging
  1180 | D:1      | Reached ** piety under Lugonu
  1251 | D:1      | Gained mutation: Your flesh is cold resistant. (rC+) [demonic ancestry]
  1251 | D:1      | Reached XP level 3. HP: 29/29 MP: 4/4
  1654 | D:2      | Noticed Natasha
  1659 | D:2      | Killed Natasha
  1664 | D:2      | Found an iron altar of Okawaru.
  1665 | D:2      | Found a shattered altar of Ashenzari.
  1740 | D:2      | Gained mutation: You are surrounded by a mild repulsion field. (EV +2) [demonic ancestry]
  1740 | D:2      | Reached XP level 4. HP: 35/35 MP: 6/6
  1832 | D:2      | Noticed Natasha
  1845 | D:2      | Killed Natasha
  2097 | D:2      | Noticed Natasha
  2121 | D:2      | Slain by a quokka

Vault maps used:
D:1:      erik_arrival_gehennom, minivault_5
D:2:      chequers_temple_overflow_statue_of_worship, uniq_natasha

Skill      XL: |  1  2  3  4 |
---------------+-------------+-----
Armour         | 2 |  2.1
Dodging        | 1 |  1.4
Maces & Flails | 2 3 |  3.0
Invocations    | 3 |  3.2
Fighting       | |  3.4
Short Blades   | |  0.8

Action                   |  1- 3 |  4- 6 || total
-------------------------+-------+-------++-------
Melee: Dagger            |   102 |    43 ||   145
       Mace              |     7 |       ||     7
  Use: Scroll            |     1 |       ||     1
 Stab: Sleeping          |     1 |       ||     1
  Eat: Chunk             |     3 |     1 ||     4
Armor: Leather armour    |    26 |     8 ||    34
Dodge: Dodged            |    74 |    14 ||    88
